 Dungeon Crawl Stone Soup version 0.17.1-3-g152610e (webtiles) character file.

1213 Breadlance the Ducker (level 8, -1/49 HPs)
             Began as a Gargoyle Monk on Apr 2, 2016.
             Was a Believer of Sif Muna.
             Killed from afar by an orc wizard (6 damage)
             ... with a magic dart
             ... on level 5 of the Dungeon.
             The game lasted 00:25:51 (6135 turns).

Breadlance the Ducker (Gargoyle Monk)               Turns: 6135, Time: 00:25:51

Health: -1/49      AC:  9    Str: 18    XL:     8   Next: 46%
Magic:  8/8        EV: 15    Int: 11    God:    Sif Muna [**....]
Gold:   162        SH:  0    Dex: 14    Spells: 0 memorised, 7 levels left

rFire  . . .     SeeInvis .       - Unarmed
rCold  . . .     Clarity  .     a - +2 robe
rNeg   + . .     SustAt   .     (no shield)
rPois  ∞         Gourm    .     (no helmet)
rElec  +         Spirit   .     (no cloak)
rCorr  .         Warding  .     (no gloves)
rMut   .         Stasis   .     (no boots)
MR     .....                    (no amulet)
Stlth  ++++......               n - +3 ring of strength
                                g - ring of stealth

@: very slightly contaminated, not resistant to hostile enchantments, stealthy
A: negative energy resistance 1, electricity resistance, unbreathing,
petrification resistance, rot immunity, AC +5
a: Channel Energy, Forget Spell, Renounce Religion


You were on level 5 of the Dungeon.
You worshipped Sif Muna.
Sif Muna was pleased with you.
You were very hungry.

You visited 1 branch of the dungeon, and saw 5 of its levels.

You collected 162 gold pieces.

Inventory:

Armour
 a - a +2 robe (worn)
Jewellery
 f - a +2 ring of intelligence
 g - a ring of stealth (left hand)
 n - a +3 ring of strength (right hand)
Wands
 c - a wand of digging (13)
 l - a wand of draining (0)
Scrolls
 e - a scroll of fear
 h - 3 scrolls of teleportation
 i - 2 scrolls of identify
 j - 3 scrolls of enchant armour
 k - 2 scrolls of blinking
 o - a scroll of remove curse
 q - a scroll of enchant weapon {unknown}
Comestibles
 b - 3 bread rations
 d - a beef jerky
 p - 2 royal jellies
 t - 4 meat rations


   Skills:
 + Level 5.1 Fighting
 * Level 6.5 Dodging
 + Level 4.4 Stealth
 + Level 5.9 Unarmed Combat
 + Level 0.5 Evocations


You had 7 spell levels left.
You didn't know any spells.

Dungeon Overview and Level Annotations

Branches:
Dungeon (5/15)
 Temple: D:4-7

Altars:
Dithmenos
Gozag
Makhleb
Sif Muna
Vehumet

Annotations:
D:5 1 runed door


Innate Abilities, Weirdness & Mutations

You are resistant to torment.
Your stone body is resilient (AC +5).
You are immune to poison.
You resist negative energy.
You are resistant to electric shocks.
You can survive without breathing.
You are immune to petrification.
You are immune to rotting.


Message History

The orc wizard is almost dead.
The giant frog zombie closely misses you.
The orc wizard mumbles some strange words.
The orc wizard blinks!
You closely miss the giant frog zombie.
The giant frog zombie barely misses you.
The orc wizard casts a spell at you. The magic dart hits you!
* * * LOW HITPOINT WARNING * * *
The giant frog zombie hits you.
* * * LOW HITPOINT WARNING * * *
The orc wizard closely misses you.
Read which item? (? for menu, Esc to quit)
Blink to where?
Press: ? - help, Dir - move target cursor You are very lightly contaminated with residual magic.
As you read the scroll of blinking, it crumbles to dust.
The orc wizard casts a spell at you. The magic dart hits you!
You die...

#### #...####
#####......######
##..........@......#
.......##.._..####.#
#.. #........# #.#
#..##........# #.#
..####....#.....###
#.#
..#.......o.....#
#.# ..#. ##.......#
#.# ..<.
#Z.##.########.##
.... #.###.#
#.......###


You could see an orc wizard and a giant frog zombie.

Vanquished Creatures
  A soldier ant (D:5)
  A sky beast (D:5)
  2 ogres (D:5)
  A centaur (D:5)
  A scorpion (D:5)
  A killer bee (D:5)
  A gnoll shaman (D:3)
  A hound (D:5)
  A crimson imp (D:5)
  2 orc priests
  Jessica (D:3)
  A giant frog skeleton (D:5)
  11 worker ants
  4 gnolls (D:4)
  2 adders (D:3)
  3 worms
  4 giant geckos
  9 orcs
  6 giant cockroaches
  7 goblins
  8 hobgoblins
  A quokka (D:2)
  2 ball pythons
  6 bats
  2 giant newts
  11 kobolds
  13 rats
103 creatures vanquished.

Vanquished Creatures (others)
  Blork the orc (D:5)
1 creature vanquished.

Grand Total: 104 creatures vanquished

Notes
Turn   | Place    | Note
--------------------------------------------------------------
     0 | D:1      | Breadlance the Gargoyle Monk began the quest for the Orb.
     0 | D:1      | Reached XP level 1. HP: 14/14 MP: 1/1
   572 | D:1      | Reached XP level 2. HP: 17/19 MP: 2/2
  1049 | D:1      | Reached XP level 3. HP: 18/23 MP: 3/3
  1241 | D:2      | Found an opulent altar of Gozag.
  1957 | D:2      | Found a faded altar to an unknown god.
  2256 | D:2      | Found a radiant altar of Vehumet.
  2263 | D:2      | Found a burning altar of Makhleb.
  2751 | D:3      | Noticed Jessica
  2764 | D:3      | Reached XP level 4. HP: 23/28 MP: 4/4
  2812 | D:3      | Killed Jessica
  3137 | D:3      | Found a deep blue altar of Sif Muna.
  3702 | D:3      | Became a worshipper of Sif Muna the Loreminder
  3702 | D:3      | Reached * piety under Sif Muna
  3702 | D:3      | Reached ** piety under Sif Muna
  3874 | D:4      | Reached XP level 5. HP: 32/32 MP: 5/5
  4312 | D:3      | Reached XP level 6. HP: 10/37 MP: 6/6
  4846 | D:5      | Entered Level 5 of the Dungeon
  5116 | D:5      | Reached skill level 5 in Unarmed Combat
  5137 | D:5      | Reached skill level 5 in Dodging
  5137 | D:5      | Reached XP level 7. HP: 39/42 MP: 7/7
  5370 | D:5      | Found a runed door.
  5419 | D:5      | Found a runed door.
  5423 | D:5      | Noticed a soldier ant
  5479 | D:5      | Reached XP level 8. HP: 25/48 MP: 8/8
  5508 | D:5      | Killed a soldier ant
  5508 | D:5      | Reached skill level 6 in Dodging
  5773 | D:5      | Reached skill level 5 in Fighting
  6057 | D:5      | Found a shadowy altar of Dithmenos.
  6074 | D:5      | Noticed Blork the orc
  6103 | D:5      | Killed Blork the orc
  6135 | D:5      | Killed from afar by an orc wizard

Action                   |  1- 3 |  4- 6 |  7- 9 || total
-------------------------+-------+-------+-------++-------
Melee: Unarmed           |   155 |   181 |   202 ||   538
Invok: Channel Energy    |       |       |     1 ||     1
Evoke: Wand              |       |     5 |       ||     5
  Use: Potion            |     4 |     5 |     2 ||    11
       Scroll            |     3 |     7 |     2 ||    12
 Stab: Sleeping          |     6 |     3 |     3 ||    12
       Distracted        |       |     1 |       ||     1
       Invisible         |       |     1 |       ||     1
  Eat: Chunk             |     5 |     4 |     2 ||    11
       Pizza             |     1 |       |       ||     1
       Bread ration      |       |     1 |       ||     1
